 Dungeon Crawl Stone Soup version 0.31-a0-164-g2312942fda (webtiles) character file.

Game seed: 2113271552816579763

148 qw the Shooter (level 5, -5/49 HPs)
             Began as a Naga Hunter on June 13, 2023.
             Slain by a gnoll
             ... wielding a +0 halberd
              (9 damage)
             ... on level 4 of the Dungeon.
             The game lasted 00:00:55 (2350 turns).

qw the Shooter (Naga Hunter)                        Turns: 2350, Time: 00:00:56

Health: -5/49      AC:  3    Str: 20    XL:     5   Next: 30%
Magic:  5/5        EV:  5    Int:  9    God:
Gold:   67         SH:  0    Dex: 16    Spells: 4/4 levels left

rFire   . . .        a - +5 orcbow (elec)
rCold   . . .        (shield currently unavailable)
rNeg    . . .        c - +0 leather armour
rPois   +            (no helmet)
rElec   .            (no cloak)
rCorr   .            (no gloves)
SInv    +            (no barding)
Will    .....        (no amulet)
Stlth   ++           g - +6 ring of strength
HPRegen 0.28/turn    (no ring)
MPRegen 0.09/turn

%: no passive effects
@: about to teleport, held, very slow
A: AC +1, large, see invisible, deformed body, poison resistance, slowness 2,
spit poison 1, naga tail 1
a: Spit Poison


You were on level 4 of the Dungeon.
You visited 1 branch of the dungeon, and saw 4 of its levels.

You collected 103 gold pieces.
You spent 36 gold pieces at shops.


Innate Abilities, Weirdness & Mutations

Your serpentine skin is tough. (AC +1)
You have supernaturally acute eyesight. (SInv)
Armour fits poorly on your strangely shaped body.
Your system is resistant to poisons. (rPois)
You cover ground very slowly.
You can spit poison.
You have a snake-like lower body.


   Skills:
 - Level 3.0 Fighting
 + Level 5.4 Ranged Weapons
 - Level 1.5 Dodging
 - Level 1.5 Stealth


You had 4 spell levels left.
You didn't know any spells.
Your spell library was empty.

Inventory:

Hand Weapons
 a - a +5 orcbow of electrocution (weapon)
Armour
 c - a +0 leather armour (worn)
Jewellery
 g - a +6 ring of strength (left hand)
Scrolls
 l - a scroll of enchant armour
Potions
 f - a potion of haste
 h - a potion of enlightenment {unknown}
 i - 2 potions of curing
 k - a potion of invisibility {unknown}
 m - a potion of resistance {unknown}

Dungeon Overview and Level Annotations

Branches:
Dungeon (4/15)
 Temple: D:4-7

Altars:
Xom

Shops:
D:3 !

Annotations:
D:2 1 runed translucent door, Crazy Yiuf
D:3 2 runed translucent doors, qw's ghost, amateur GrHu


Message History

What level of the Dungeon? (default 1, ? - help)
You feel a little less clever now.
There is a stone staircase leading down here.
You climb downwards.
The gnoll shouts!
The endoplasm quivers.
The gnoll shouts!
You hear a shout! x2; The hobgoblin shouts!
Found a short sword.
There is a stone staircase leading up here.
There are monsters nearby!
Waypoint 3 assigned to D:4.
2346 ||| INVOKING Spit Poison.
Aiming: Spit Poison (1% risk of failure)
Press: ? - help, Shift-Dir - straight line, f - gnoll The splash of poison misses the gnoll.
A gnoll comes into view. It is wielding a +0 halberd.
The gnoll throws a throwing net.
The throwing net hits you.
You become entangled in the net!
You struggle against the net.
The endoplasm hits you but does no damage.
An endoplasm comes into view.
You struggle against the net.
An orc comes into view. It is wielding a +0 falchion.
The gnoll hits you from afar with a +0 spear!
The gnoll hits you from afar with a +0 halberd!
The endoplasm freezes you.
You are frozen.
You struggle against the net.
The gnoll hits you from afar with a +0 spear.
The gnoll hits you from afar with a +0 halberd!
The endoplasm barely misses you. The endoplasm freezes you.
You are frozen.
2350 ||| READING scroll of teleportation.
As you read the scroll of teleportation, it crumbles to dust.
You feel strangely unstable.
You have got your breath back.
The endoplasm hits you. x2
The gnoll hits you from afar with a +0 spear.
The gnoll hits you from afar with a +0 halberd!
You die...

.. .# ## . .
#...#. ##.....
...#.# #...#
#...# #..@#
#..BJ.Jg#
#...gg.....
#..gg......#
....).......#
.....o......##
###..##......
#.. #..#####


You could see 4 gnolls, an orc, 2 endoplasms, a giant cockroach and a hobgoblin.

Vanquished Creatures
  An orc wizard (D:3)
  3 adders
  A worm (D:2)
  3 dart slugs
  6 orcs (D:3)
  A bat (D:3)
  8 endoplasms
  4 giant cockroaches
  3 goblins
  6 hobgoblins
  6 jackals
  5 quokkas
  9 ball pythons
  4 frilled lizards
  9 kobolds
  5 rats
74 creatures vanquished.

Notes
Turn   | Place    | Note
-------+----------+-------------------------------------------
     0 | D:1      | qw the Naga Hunter began the quest for the Orb.
     0 | D:1      | Reached XP level 1. HP: 19/19 MP: 1/1
     0 | D:1      | 0 ||| qw: Version: 0.2-a-29-gc1b59c4
     0 | D:1      | 0 ||| qw: Game counter: 4481
     0 | D:1      | 0 ||| qw: Always use a shield: true
     0 | D:1      | 0 ||| qw: God list: Okawaru
     0 | D:1      | 0 ||| qw: Allow faded altars: false
     0 | D:1      | 0 ||| qw: Do Orc after D:15 true
     0 | D:1      | 0 ||| qw: Do second Lair branch before Depths: true
     0 | D:1      | 0 ||| qw: Lair rune preference: random
     0 | D:1      | 0 ||| qw: Plans: Normal
     0 | D:1      | 0 ||| PLANNING D:1-11
    14 | D:1      | 14 ||| INVOKING Spit Poison.
   204 | D:1      | 204 ||| INVOKING Spit Poison.
   239 | D:1      | 239 ||| INVOKING Spit Poison.
   240 | D:1      | Reached skill level 4 in Ranged Weapons
   240 | D:1      | Reached XP level 2. HP: 26/26 MP: 2/2
   275 | D:1      | 275 ||| INVOKING Spit Poison.
   515 | D:1      | 515 ||| INVOKING Spit Poison.
   619 | D:1      | 619 ||| INVOKING Spit Poison.
   644 | D:1      | 644 ||| INVOKING Spit Poison.
   651 | D:1      | 651 ||| INVOKING Spit Poison.
   663 | D:1      | 663 ||| FLEEEEING.
   666 | D:1      | 666 ||| INVOKING Spit Poison.
   715 | D:1      | 715 ||| READING scroll labelled COFRIT XIME.
   716 | D:1      | 716 ||| READING 2 scrolls labelled BETREM CITHU.
   721 | D:1      | 721 ||| READING scroll labelled RIMEGAFAEW.
   722 | D:1      | 722 ||| DROPPING scroll of butterflies.
   741 | D:2      | 741 ||| INVOKING Spit Poison.
   747 | D:2      | 747 ||| INVOKING Spit Poison.
   752 | D:2      | 752 ||| INVOKING Spit Poison.
   753 | D:2      | 753 ||| INVOKING Spit Poison.
   756 | D:2      | 756 ||| INVOKING Spit Poison.
   759 | D:2      | Reached XP level 3. HP: 13/32 MP: 3/3
   846 | D:2      | 846 ||| INVOKING Spit Poison.
   888 | D:2      | 888 ||| INVOKING Spit Poison.
   910 | D:2      | 910 ||| INVOKING Spit Poison.
   914 | D:2      | 914 ||| INVOKING Spit Poison.
   919 | D:2      | 919 ||| INVOKING Spit Poison.
   923 | D:2      | 923 ||| INVOKING Spit Poison.
  1000 | D:2      | Found a runed translucent door.
  1001 | D:2      | Noticed Crazy Yiuf
  1086 | D:2      | 1086 ||| INVOKING Spit Poison.
  1100 | D:2      | 1100 ||| INVOKING Spit Poison.
  1127 | D:2      | 1127 ||| INVOKING Spit Poison.
  1131 | D:2      | 1131 ||| INVOKING Spit Poison.
  1138 | D:2      | 1138 ||| INVOKING Spit Poison.
  1139 | D:2      | Reached skill level 5 in Ranged Weapons
  1139 | D:2      | Reached XP level 4. HP: 39/39 MP: 4/4
  1236 | D:2      | 1236 ||| INVOKING Spit Poison.
  1381 | D:2      | 1381 ||| UPGRADING to +6 ring of strength.
  1382 | D:2      | 1382 ||| READING scroll labelled YME LYDECOEROA.
  1383 | D:2      | 1383 ||| READING scroll labelled GACIMI YCOUD.
  1511 | D:3      | Found a runed translucent door.
  1519 | D:3      | Noticed qw's ghost (amateur GrHu)
  1562 | D:3      | Found Ocwuog's Distillery.
  1570 | D:3      | 1570 ||| SHOPLISTING 2 potions of heal wounds (120 gold,
                  | have 76).
  1570 | D:3      | 1570 ||| BUYING potion of curing (36 gold).
  1570 | D:3      | Bought a potion of curing for 36 gold pieces
  1570 | D:3      | 1570 ||| SHOPLISTING potion of heal wounds (60 gold, have
                  | 40).
  1570 | D:3      | 1570 ||| SHOPLISTING potion of resistance (120 gold, have
                  | 40).
  1621 | D:3      | 1621 ||| INVOKING Spit Poison.
  1622 | D:3      | 1622 ||| INVOKING Spit Poison.
  1626 | D:3      | 1626 ||| Stepping ~*~*~tactically~*~*~ (outnumbered).
  1628 | D:3      | 1628 ||| INVOKING Spit Poison.
  1634 | D:3      | 1634 ||| INVOKING Spit Poison.
  1639 | D:3      | 1639 ||| INVOKING Spit Poison.
  1743 | D:3      | 1743 ||| INVOKING Spit Poison.
  1747 | D:3      | 1747 ||| INVOKING Spit Poison.
  1754 | D:3      | 1754 ||| INVOKING Spit Poison.
  1755 | D:3      | 1755 ||| INVOKING Spit Poison.
  1760 | D:3      | 1760 ||| INVOKING Spit Poison.
  1764 | D:3      | 1764 ||| INVOKING Spit Poison.
  1780 | D:3      | Identified the +0 robe of Fommatof {*Slow +Blink Str+3}
  1858 | D:3      | Found a shimmering altar of Xom.
  1896 | D:3      | 1896 ||| INVOKING Spit Poison.
  1922 | D:3      | 1922 ||| INVOKING Spit Poison.
  1933 | D:3      | 1933 ||| INVOKING Spit Poison.
  1936 | D:3      | 1936 ||| INVOKING Spit Poison.
  1942 | D:3      | 1942 ||| INVOKING Spit Poison.
  1945 | D:3      | 1945 ||| INVOKING Spit Poison.
  1946 | D:3      | Reached skill level 3 in Fighting
  1981 | D:3      | 1981 ||| INVOKING Spit Poison.
  1986 | D:3      | 1986 ||| INVOKING Spit Poison.
  1991 | D:3      | 1991 ||| INVOKING Spit Poison.
  1992 | D:3      | Reached XP level 5. HP: 42/49 MP: 5/5
  1994 | D:3      | 1994 ||| INVOKING Spit Poison.
  1998 | D:3      | 1998 ||| INVOKING Spit Poison.
  2096 | D:3      | 2096 ||| INVOKING Spit Poison.
  2190 | D:3      | 2190 ||| INVOKING Spit Poison.
  2202 | D:3      | Found a runed translucent door.
  2279 | D:3      | 2279 ||| DROPPING +0 robe of Fommatof {*Slow +Blink Str+3}.
  2280 | D:3      | 2280 ||| READING scroll labelled IRENALETSYL.
  2280 | D:3      | Identified a scroll of acquirement
  2280 | D:3      | 2280 ||| ACQUIRING +5 orcbow of electrocution
  2280 | D:3      | Acquired a +5 orcbow of electrocution
  2282 | D:3      | 2282 ||| SWAPPING to +5 orcbow of electrocution.
  2283 | D:3      | 2283 ||| DROPPING +0 shortbow.
  2284 | D:3      | 2284 ||| DRINKING 2 silvery potions.
  2285 | D:3      | 2285 ||| DRINKING 2 glowing coppery potions.
  2311 | D:3      | 2311 ||| DROPPING potion of brilliance.
  2312 | D:3      | 2312 ||| DROPPING potion of lignification.
  2346 | D:4      | 2346 ||| INVOKING Spit Poison.
  2349 | D:4      | HP: 12/49 [gnoll/+0 halberd (9)]
  2350 | D:4      | 2350 ||| READING scroll of teleportation.
  2350 | D:4      | HP: 4/49 [gnoll/+0 spear (2)]
  2350 | D:4      | Slain by a gnoll

Levels and vault maps discovered:
D:1:      minmay_arrival_shoal_huts, layout_basic
D:2:      minmay_chambers_of_ones, layout_rooms, uniq_crazy_yiuf_cottage
D:3:      minmay_octagon_keep, layout_basic, mainiacjoe_overflow_paths,
          ebering_ghost_sewer_f, serial_shops, shop
D:4:      layout_rooms, mainiacjoe_overflow_swirl,
          gammafunk_temple_overflow_pools, uniq_robin, uniq_ijyb, uniq_menkaure

Skill      XL: |  1  2  3  4 |
---------------+-------------+-----
Ranged Weapons | 4 5 |  5.4
Fighting       | 3 |  3.0
Dodging        | |  1.5
Stealth        | |  1.5

Action                     |  1- 3 |  4- 6 || total
---------------------------+-------+-------++-------
   Fire: Shortbow          |    73 |    78 ||   151
Ability: Spit Poison       |    24 |    24 ||    48
    Use: Scroll            |     3 |     4 ||     7
         Potion            |       |     2 ||     2
 Armour: Leather armour    |     6 |     6 ||    12
  Dodge: Dodged            |    16 |    19 ||    35

Table legend:
 A = Non-vault XP
 B = Vault XP
 C = Vault XP percentage of total XP
 D = Non-vault monster count
 E = Vault monster count
 F = Vault count percentage of total count
                 A         B        C        D         E       F
            +---------+---------+-------+---------+---------+-------
      Total |     170 |      42 |  19.8 |      53 |      21 |  28.4
            +---------+---------+-------+---------+---------+-------
        D:1 |      29 |       0 |   0.0 |      17 |       0 |   0.0
        D:2 |      47 |      12 |  20.3 |      19 |       5 |  20.8
        D:3 |      94 |      30 |  24.2 |      17 |      16 |  48.5
            +---------+---------+-------+---------+---------+-------
